 Dungeon Crawl Stone Soup version 0.25-a0-23-gdc1bd94 (webtiles) character file.

Game seed: 13518655886485046968, levelgen mode: deterministic

5864 Firecrotchwizard the Basher (level 10, 0/96 HPs)
             Began as a Deep Dwarf Fighter on Oct 17, 2019.
             Was a Believer of Makhleb.
             Slain by a cyclops (8 damage)
             ... on level 9 of the Dungeon.
             The game lasted 00:29:29 (8413 turns).

Firecrotchwizard the Basher (Deep Dwarf Fighter)    Turns: 8413, Time: 00:29:30

Health: 0/96       AC: 23    Str: 27    XL:     10   Next: 52%
Magic:  11/11      EV:  6    Int: 10    God:    Makhleb [**....]
Gold:   561        SH: 16    Dex: 12    Spells: 9/9 levels left

rFire    . . .     SeeInvis .   D - +6 flail (protect)
rCold    . . .     Gourm    .   c - +0 shield
rNeg     . . .     Faith    .   q - +0 plate armour
rPois    .         Spirit   .   g - +0 helmet
rElec    .         Reflect  +   F - +0 cloak
rCorr    .         Harm     .   (no gloves)
MR       +....                  w - +1 pair of boots
Stlth    ..........             y - +4 amulet of reflection
HPRegen  0.00/turn              (no ring)
MPRegen  0.12/turn              v - ring of stealth {Stlth+}

@: mighty, protection aura, non-regenerating
A: damage resistance, heal wounds, sense surroundings 2, no regeneration
a: Heal Wounds, Minor Destruction, Renounce Religion


You were on level 9 of the Dungeon.
You worshipped Makhleb.
Makhleb was pleased with you.
You were not hungry.

You visited 2 branches of the dungeon, and saw 10 of its levels.
You also visited: Ossuary.

You collected 561 gold pieces.

Inventory:

Hand Weapons
 a - a +0 flail
 B - a +1 broad axe of venom
   (You took it off Blork the orc on level 5 of the Dungeon)
 D - a +6 flail of protection (weapon)
   (You took it off Edmund on level 4 of the Dungeon)
Missiles
 E - a throwing net {=f, !d}
Armour
 b - a +0 scale mail
 c - a +0 shield (worn)
 g - a +0 helmet (worn)
   (You took it off Robin on level 2 of the Dungeon)
 q - a +0 plate armour (worn)
   (You took it off an orc warrior on level 6 of the Dungeon)
 t - a +0 chain mail
   (You found it on level 2 of the Dungeon)
 w - a +1 pair of boots (worn)
   (You found it on level 2 of the Dungeon)
 F - a +0 cloak (worn)
   (You found it on level 5 of the Dungeon)
Magical Staves
 P - an uncursed staff of summoning {unknown}
   (You found it on level 8 of the Dungeon)
Jewellery
 u - an uncursed ring of wizardry {Wiz+, !d}
   (You found it on level 2 of the Dungeon)
 v - a ring of stealth (right hand) {Stlth+}
   (You found it on level 2 of the Dungeon)
 y - a +4 amulet of reflection (around neck)
   (You found it on level 3 of the Dungeon)
 C - an uncursed amulet of the acrobat
   (You found it on level 6 of the Dungeon)
 Q - an uncursed amulet of faith {unknown}
   (You found it on level 8 of the Dungeon)
Wands
 N - a wand of disintegration (15)
   (You found it on level 7 of the Dungeon)
 O - a wand of paralysis (6)
   (You found it on level 8 of the Dungeon)
Scrolls
 e - 11 scrolls of identify
 k - a scroll of blinking {!r}
 l - 2 scrolls of amnesia
 m - a scroll of enchant weapon
 p - 8 scrolls of remove curse
 s - 3 scrolls of immolation {!r}
 I - 4 scrolls of noise {!r}
 K - 3 scrolls of teleportation
 L - a scroll of fear
Potions
 d - 3 potions of might
 h - 4 potions of haste
 i - a potion of resistance {unknown}
 j - 9 potions of degeneration {unknown}
 n - 7 potions of curing
 o - 3 potions of heal wounds
 r - a potion of magic
 x - 2 potions of invisibility
 z - 2 potions of flight {unknown}
 A - 2 potions of brilliance {unknown}
 G - a potion of berserk rage {unknown}
 H - a potion of ambrosia {unknown}
 J - a potion of mutation {unknown}
Comestibles
 f - 16 rations
 M - 11 chunks of flesh {@w0}


   Skills:
 + Level 7.7 Fighting
 * Level 11.1 Maces & Flails
 - Level 3.6 Armour
 + Level 9.2 Shields
 + Level 2.9 Invocations


You had 9 spell levels left.
You didn't know any spells.
Your spell library contained the following spells:

 Spells                   Type           Power        Failure   Level  Hunger
 Freeze                   Ice            #...         100%        1    ##.....
 Throw Frost              Conj/Ice       #.....       100%        2    ###....
 Ozocubu's Armour         Chrm/Ice       #.......     100%        3    ####...
 Summon Ice Beast         Ice/Summ       #.......     100%        4    #####..
 Throw Icicle             Conj/Ice       #.......     100%        4    #####..


Dungeon Overview and Level Annotations

Branches:
Dungeon (9/15)             Temple (1/1) D:6         Ossuary (visited)
   Lair: D:8-11         Orc: D:9-12

Altars:
Cheibriados
Dithmenos
Elyvilon
Fedhas
Gozag
Kikubaaqudgha
Makhleb
Nemelex Xobeh
Qazlal
Ru
Sif Muna
Trog
Uskayaw
Vehumet
Wu Jian
Xom
Yredelemnul
Zin
The Shining One
Beogh

Shops:
D:4 :   D:5 :

Annotations:
D:4 2 runed translucent doors, Weirdisaac's ghost, weakling MiFi
D:6 3 runed translucent doors, Wuag's ghost, novice DrTm


Innate Abilities, Weirdness & Mutations

You are resistant to damage.
You can heal yourself by infusing magical energy.
You passively map the area around you.
You do not regenerate.


Message History

Makhleb accepts your kill.
You feel better.
You regained 7 hp, and now have 49/96 hp.
You see here a wyvern corpse.
You butcher the wyvern corpse.
M - 4 chunks of flesh {@w0} You see here a wyvern skeleton.
Things that are here:
a -1 spear; a +0 animal skin; the gnoll corpse of Grum You butcher the gnoll corpse of Grum.
M - 5 chunks of flesh {@w0} (gained 1)
Things that are here:
a -1 spear; a +0 animal skin; the gnoll skeleton of Grum There isn't anything to butcher here.
You see here a wyvern skeleton.
MP restored: 11 You see here a wolf corpse.
You butcher the wolf corpse.
M - 6 chunks of flesh {@w0} (gained 1)
You see here a wolf skeleton.
There is an open door, spattered with blood here.
You see here a wolf corpse.
You butcher the wolf corpse.
M - 7 chunks of flesh {@w0} (gained 1)
There is an open door, spattered with blood here.
You see here a wolf skeleton.
You feel much better.
You regained 21 hp, and now have 70/96 hp.
You open the door.
There is an open door here.
There is an open door here.
You hear a distant slurping noise.
An ogre comes into view. It is wielding a +0 giant spiked club.
An ogre is nearby!
The ogre hits you with a +0 giant spiked club!!
You take 19 damage, and have 51/96 hp.
You hit the ogre.
Your weapon exudes an aura of protection.
You thump the ogre! You block the ogre's attack.
You thump the ogre! You bludgeon the ogre!!
You kill the ogre!
Makhleb accepts your kill.
Things that are here:
a +0 giant spiked club; an ogre corpse You butcher the ogre corpse.
M - 12 chunks of flesh {@w0} (gained 5)
Things that are here:
a +0 giant spiked club; an ogre skeleton
There is an open door here.
You open the door.
There is an open door here.
There is an open door here.
You open the door.
There is an open door here.
There is an open door here.
A crimson imp comes into view.
The crimson imp shouts!
There is an open door here.
The crimson imp blinks!
Found a stone staircase leading down.
There is an open door here.
The crimson imp blinks!
You miss the crimson imp. You block the crimson imp's attack.
You thump the crimson imp!
Your weapon exudes an aura of protection.
The crimson imp completely misses you.
You miss the crimson imp. You block the crimson imp's attack.
You completely miss the crimson imp.
The crimson imp hits you but does no damage.
You bludgeon the crimson imp!!
You kill the crimson imp!
Makhleb accepts your kill.
You feel better.
You regained 4 hp, and now have 55/96 hp.
Eating one of 12 chunks of flesh {@w0}.
You eat one of the 12 chunks of flesh {@w0}.
You now have 561 gold pieces (gained 13).
You open the door.
There is an open door here.
A cyclops comes into view.
The cyclops shouts!
The cyclops throws a large rock.
The large rock hits you!!
You see here a large rock {!d}.
You take 21 damage, and have 34/96 hp.
MASSIVE DAMAGE!!
You start waiting.
The cyclops is too close now for your liking.
The cyclops hits you.
You hit the cyclops.
Your weapon exudes an aura of protection.
The cyclops hits you!
* * * LOW HITPOINT WARNING * * *
You take 12 damage, and have 22/96 hp.
You feel very mighty all of a sudden.
You bludgeon the cyclops!! The cyclops hits you!
* * * LOW HITPOINT WARNING * * *
You take 14 damage, and have 8/96 hp.
You bludgeon the cyclops!! The cyclops hits you!
You die...

#..#...........#######
#..#...........#......
#..########....#......
#.........#....#...##.
#.........#....###+##.
#.........# #......
#.........#....#......
#.........# ...##+####
#..##@....# ,.........
#+###(C...#, ........
#...$.....#* #...[...
#.........# #.......
#..#......# #.......
####......#####.......
########........###
#......#...........
#(.....#........#..


You could see a cyclops.

Vanquished Creatures
  2 trolls (D:9)
  A hornet (D:7)
  A hippogriff (D:8)
  Grum (D:9)
  3 wyverns (D:9)
  Menkaure (D:4)
  Edmund (D:4)
  3 orc warriors
  A black bear (D:7)
  2 ice beasts
  3 ogres
  3 wolves (D:9)
  3 centaurs (D:5)
  Blork the orc (D:5)
  A bullfrog (D:6)
  6 scorpions
  9 killer bees
  4 wights
  A howler monkey (D:7)
  10 crimson imps
  A bullfrog zombie (D:6)
  A centaur zombie (D:5)
  4 hounds
  3 jellies
  2 centaur skeletons
  A human zombie (Ossuary)
  6 orc priests
  3 iguanas
  6 worker ants
  4 orc wizards
  A big kobold zombie (Ossuary)
  4 mummies (Ossuary)
  A worker ant zombie (D:6)
  Robin (D:2)
  A howler monkey zombie (D:9)
  11 gnolls
  A howler monkey skeleton (D:7)
  10 adders
  An ooze (D:2)
  2 adder skeletons
  3 worms
  2 dart slugs
  6 leopard geckos
  40 orcs
  10 bats
  7 giant cockroaches
  13 goblins
  9 hobgoblins
  20 jackals
  12 kobolds
  A quokka (D:7)
  A ball python (D:2)
  6 frilled lizards
  A hobgoblin zombie (Ossuary)
  A leopard gecko skeleton (D:6)
  A leopard gecko zombie (D:5)
  An orc zombie (Ossuary)
  10 rats
265 creatures vanquished.

Vanquished Creatures (others)
  A draconian (D:1)
  A gargoyle (D:1)
  An elf (D:1)
  A troll (D:1)
  2 humans (D:1)
  2 nagas (D:1)
  An ogre (D:1)
  3 centaurs (D:7)
  A mummy (D:1)
  2 orcs (D:1)
  5 tentacles (D:1)
20 creatures vanquished.

Grand Total: 285 creatures vanquished

Notes
Turn   | Place    | Note
-------+----------+-------------------------------------------
     0 | D:1      | Firecrotchwizard the Deep Dwarf Fighter began the quest for
                  | the Orb.
     0 | D:1      | Reached XP level 1. HP: 20/20 MP: 1/1
     0 | D:1      | Noticed a troll
     0 | D:1      | Noticed an elf
     0 | D:1      | Noticed an ogre
     0 | D:1      | Noticed a human
     0 | D:1      | Noticed a naga
     0 | D:1      | Noticed a kraken
     0 | D:1      | Noticed a gargoyle
     0 | D:1      | Noticed a human
     0 | D:1      | Noticed a naga
     0 | D:1      | Noticed a draconian
     3 | D:1      | Killed a troll
     6 | D:1      | Killed a human
     7 | D:1      | Killed an elf
     7 | D:1      | Killed an ogre
     8 | D:1      | Killed a gargoyle
    10 | D:1      | Killed a naga
    12 | D:1      | Killed a human
    12 | D:1      | Killed a draconian
    13 | D:1      | Killed a naga
   127 | D:1      | Reached XP level 2. HP: 21/27 MP: 2/2
   436 | D:1      | Reached skill level 3 in Fighting
   629 | D:1      | Reached XP level 3. HP: 25/34 MP: 3/3
   822 | D:2      | Found a faded altar of an unknown god.
  1497 | D:2      | Noticed Robin
  1526 | D:2      | Killed Robin
  1531 | D:2      | Reached skill level 3 in Maces & Flails
  1639 | D:2      | Reached XP level 4. HP: 34/42 MP: 4/4
  1645 | D:2      | Reached skill level 4 in Shields
  2337 | D:3      | Reached XP level 5. HP: 39/49 MP: 5/5
  2685 | D:3      | Reached skill level 4 in Maces & Flails
  2974 | D:3      | Found a basalt altar of Yredelemnul.
  2994 | D:3      | Found a shimmering blue altar of Sif Muna.
  3235 | D:3      | Found a glowing silver altar of Zin.
  3236 | D:3      | Noticed an angel
  3365 | D:4      | Reached XP level 6. HP: 41/57 MP: 6/6
  3374 | D:4      | Found a large runed translucent door.
  3374 | D:4      | Found a large runed translucent door.
  3378 | D:4      | Noticed Weirdisaac's ghost (weakling MiFi)
  3429 | D:4      | Noticed Menkaure
  3439 | D:4      | Killed Menkaure
  3439 | D:4      | Reached skill level 4 in Fighting
  3439 | D:4      | Reached skill level 5 in Maces & Flails
  3439 | D:4      | Reached skill level 5 in Shields
  3563 | D:4      | Noticed Edmund
  3577 | D:4      | Killed Edmund
  3577 | D:4      | Reached XP level 7. HP: 55/66 MP: 6/6
  3702 | D:4      | Got a smoking ring mail
  3703 | D:4      | Identified the +1 ring mail "Qorr" {+Inv rN++} (You found
                  | it on level 4 of the Dungeon)
  3785 | D:4      | Reached skill level 6 in Maces & Flails
  3879 | D:4      | Found Arosiadopt's Book Shoppe.
  4206 | D:5      | Entered Level 5 of the Dungeon
  4342 | D:5      | Reached skill level 5 in Fighting
  4342 | D:5      | Reached skill level 6 in Shields
  4342 | D:5      | Reached XP level 8. HP: 38/74 MP: 7/7
  4367 | D:5      | Found a glowing silver altar of Zin.
  4372 | D:5      | Reached skill level 7 in Maces & Flails
  4377 | D:5      | Found a hide-covered altar of Uskayaw.
  4441 | D:5      | Noticed Blork the orc
  4446 | D:5      | Killed Blork the orc
  4563 | D:5      | Found Qiolil's Book Emporium.
  4867 | D:6      | Found a radiant altar of Vehumet.
  4940 | D:6      | Noticed Wuag's ghost (novice DrTm)
  4949 | D:6      | Found a runed translucent gate.
  4949 | D:6      | Found a runed translucent gate.
  4949 | D:6      | Found a runed translucent gate.
  4952 | D:6      | Found a roughly hewn altar of Beogh.
  4977 | D:6      | Reached skill level 8 in Maces & Flails
  4987 | D:6      | Reached skill level 7 in Shields
  5281 | D:6      | Reached skill level 6 in Fighting
  5283 | D:6      | Gained mutation: You passively map the area around you.
                  | [Deep Dwarf growth]
  5283 | D:6      | Reached XP level 9. HP: 70/82 MP: 8/8
  5408 | D:6      | Found a bloodstained altar of Trog.
  5408 | D:6      | Found a shadowy altar of Dithmenos.
  5477 | D:6      | Found a sand-covered staircase.
  5487 | Ossuary  | Entered an ossuary
  5852 | D:6      | Found a staircase to the Ecumenical Temple.
  5858 | Temple   | Entered the Ecumenical Temple
  6004 | Temple   | Became a worshipper of Makhleb the Destroyer
  6136 | D:6      | Reached skill level 9 in Maces & Flails
  7169 | D:7      | Reached skill level 8 in Shields
  7221 | D:7      | Reached * piety under Makhleb
  7238 | D:8      | Paralysed by a hornet for 2 turns
  7243 | D:7      | Paralysed by a hornet for 3 turns
  7352 | D:8      | Reached skill level 10 in Maces & Flails
  7394 | D:8      | Reached skill level 7 in Fighting
  7585 | D:8      | Reached XP level 10. HP: 85/94 MP: 9/9
  8092 | D:9      | Reached skill level 9 in Shields
  8092 | D:9      | Reached skill level 1 in Invocations
  8212 | D:9      | Noticed Grum
  8259 | D:9      | Reached skill level 2 in Invocations
  8266 | D:9      | Reached skill level 11 in Maces & Flails
  8279 | D:9      | Killed Grum
  8279 | D:9      | Reached ** piety under Makhleb
  8399 | D:9      | Noticed a cyclops
  8410 | D:9      | HP: 22/96 [cyclops (12)]
  8412 | D:9      | HP: 8/96 [cyclops (14)]
  8413 | D:9      | Slain by a cyclops

Levels and vault maps discovered:
D:1:      nicolae_arrival_kraken_aquarium_a, layout_basic
D:2:      layout_loops_ring, chequers_ecumenical_altar_simple, first_ration,
          chequers_serial_rivers_large_a, kennysheep_small_spiral, st_stairs_3,
          serial_bayou_pond_e, supply_closet_lemuel, uniq_robin
D:3:      layout_loops_corners, led_sif_pool, zin_angel, lemuel_doored_altar
D:4:      layout_basic, serial_shops, kennysheep_mini,
          ebering_ghost_disaster_area, uniq_edmund, uniq_menkaure
D:5:      layout_rooms, lemuel_round_altar, basic_altar, serial_shops,
          nicolae_shop_behind_doors, grunt_tough_drop, uniq_blork_the_orc
D:6:      layout_loops_ring, nicolae_overflow_crystal_walls,
          nicolae_overflow_hidden_temple, minmay_temple_entry_enclosed_plants,
          biasface_ghost_orc_armoury, lightli_ossuary_entry_decrepit_ruins,
          serial_rivers, chequers_serial_rivers_small_b,
          chequers_serial_rivers_large_b, chequers_serial_rivers_micro_b,
          chequers_serial_rivers_micro_a, chequers_serial_rivers_room_b
D:7:      nicolae_whirlpool, layout_gridville
D:8:      layout_cave_pools
D:9:      layout_gridville, lemuel_round_altar, grunt_ogre_cave, uniq_grum
Temple:   oiseaux_autumnal_temple

Skill      XL: |  1  2  3  4  5  6  7  8  9 10 |
---------------+-------------------------------+-----
Fighting       | 3 4 5 6 7 |  7.7
Maces & Flails | 3 4 5 6 8 10 11 | 11.1
Shields        | 4 5 6 7 8 9 |  9.2
Invocations    | 2 |  2.9
Armour         | |  3.6

Action                   |  1- 3 |  4- 6 |  7- 9 | 10-12 || total
-------------------------+-------+-------+-------+-------++-------
Melee: Flail             |   176 |   264 |   406 |   153 ||   999
 Abil: Heal Wounds       |     2 |     3 |     5 |     1 ||    11
  Use: Scroll            |       |     7 |    15 |       ||    22
       Potion            |       |     3 |       |     1 ||     4
 Stab: Invisible         |       |     2 |     1 |       ||     3
  Eat: Ration            |     1 |       |       |       ||     1
       Chunk             |       |     6 |    14 |     3 ||    23
Armor: Scale mail        |    91 |    16 |       |       ||   107
       Chain mail        |       |   108 |    56 |       ||   164
       Plate armour      |       |       |   135 |    73 ||   208
Dodge: Dodged            |    54 |    49 |    69 |    23 ||   195
Block: Shield            |   118 |   145 |   333 |   136 ||   732
       Reflection        |       |       |    23 |       ||    23

Table legend:
 A = Non-vault XP
 B = Vault XP
 C = Vault XP percentage of total XP
 D = Non-vault monster count
 E = Vault monster count
 F = Vault count percentage of total count
                 A         B        C        D         E       F
            +---------+---------+-------+---------+---------+-------
      Total |    6733 |    1645 |  19.6 |     236 |      32 |  11.9
            +---------+---------+-------+---------+---------+-------
        D:1 |      54 |       0 |   0.0 |      31 |       0 |   0.0
        D:2 |      69 |      50 |  42.0 |      23 |      10 |  30.3
        D:3 |     189 |       0 |   0.0 |      37 |       0 |   0.0
        D:4 |     415 |     325 |  43.9 |      20 |       2 |   9.1
        D:5 |     696 |     252 |  26.6 |      19 |       5 |  20.8
        D:6 |    1180 |       0 |   0.0 |      27 |       0 |   0.0
        D:7 |    1020 |     327 |  24.3 |      32 |       3 |   8.6
        D:8 |    1042 |       0 |   0.0 |      25 |       0 |   0.0
        D:9 |    2068 |     550 |  21.0 |      22 |       4 |  15.4
    Ossuary |       0 |     141 | 100.0 |       0 |       8 | 100.0
            +---------+---------+-------+---------+---------+-------

Levels and vault maps discovered:
D:1:      nicolae_arrival_kraken_aquarium_a, layout_basic
D:2:      layout_loops_ring, chequers_ecumenical_altar_simple, first_ration,
          chequers_serial_rivers_large_a, kennysheep_small_spiral, st_stairs_3,
          serial_bayou_pond_e, supply_closet_lemuel, uniq_robin
D:3:      layout_loops_corners, led_sif_pool, zin_angel, lemuel_doored_altar
D:4:      layout_basic, serial_shops, kennysheep_mini,
          ebering_ghost_disaster_area, uniq_edmund, uniq_menkaure
D:5:      layout_rooms, lemuel_round_altar, basic_altar, serial_shops,
          nicolae_shop_behind_doors, grunt_tough_drop, uniq_blork_the_orc
D:6:      layout_loops_ring, nicolae_overflow_crystal_walls,
          nicolae_overflow_hidden_temple, minmay_temple_entry_enclosed_plants,
          biasface_ghost_orc_armoury, lightli_ossuary_entry_decrepit_ruins,
          serial_rivers, chequers_serial_rivers_small_b,
          chequers_serial_rivers_large_b, chequers_serial_rivers_micro_b,
          chequers_serial_rivers_micro_a, chequers_serial_rivers_room_b
D:7:      nicolae_whirlpool, layout_gridville
D:8:      layout_cave_pools
D:9:      layout_gridville, lemuel_round_altar, grunt_ogre_cave, uniq_grum
Temple:   oiseaux_autumnal_temple

Table legend:
 A = Turns spent in this place as a percentage of turns spent in the entire game.
 B = Non-inter-level travel turns spent in this place as a percentage of non-inter-level travel turns spent in the entire game.
 C = Inter-level travel turns spent in this place as a percentage of turns spent in this place.
 D = Turns resting spent in this place as a percentage of non-inter-level travel turns spent in this place.
 E = Turns spent auto-exploring this place as a percentage of non-inter-level travel turns spent in this place.
 F = Non-inter-level travel turns spent in this place divided by the number of levels of this place that you've seen.
                   A       B       C       D       E      F
               +-------+-------+-------+-------+-------+----------------------
         Total | 100.0 | 100.0 |   5.2 |  11.1 |  58.6 | 724.8
       Dungeon |  94.4 |  94.3 |   5.3 |  10.4 |  59.6 | 835.3
        Temple |   2.0 |   1.8 |  11.4 |   0.0 |  93.9 | 147.0
       Ossuary |   3.7 |   3.9 |   0.0 |  33.8 |  17.2 | 308.0
               +-------+-------+-------+-------+-------+----------------------

Table legend:
 A = Kills in this place as a percentage of kills in entire the game.
 B = Kills by you in this place as a percentage of kills by you in the entire game.
 C = Kills by friends in this place as a percentage of kills by friends in the entire game.
 D = Other kills in this place as a percentage of other kills in the entire game.
 E = Experience gained in this place as a percentage of experience gained in the entire game.
 F = Experience gained in this place divided by the number of levels of this place that you have seen.
                   A       B       C       D       E      F
               +-------+-------+-------+-------+-------+----------------------
         Total | 100.0 | 100.0 |   N/A | 100.0 | 100.0 | 761.6
       Dungeon |  97.0 |  97.0 |   N/A | 100.0 |  98.3 | 915.2
       Ossuary |   3.0 |   3.0 |   N/A |   0.0 |   1.7 | 141.0
               +-------+-------+-------+-------+-------+----------------------
